 Dungeon Crawl Stone Soup version 0.20-a0 (webtiles) character file.

172 Jivvin the Poker (level 5, -1/41 HPs)
             Began as a Demonspawn Abyssal Knight on Oct 27, 2016.
             Was a Believer of Lugonu.
             Slain by an adder (3 damage)
             ... on level 3 of the Dungeon.
             The game lasted 00:02:35 (3582 turns).

Jivvin the Poker (Demonspawn Abyssal Knight)        Turns: 3582, Time: 00:02:36

Health: -1/41      AC:  5    Str: 17    XL:     5   Next: 27%
Magic:  6/6        EV: 10    Int: 13    God:    Lugonu [**....]
Gold:   54         SH:  0    Dex: 12    Spells: 0 memorised, 4 levels left

rFire  . . .     SeeInvis .     a - +1 spear
rCold  . . .     Gourm    .     o - +0 ring mail
rNeg   . . .     Faith    .     (no shield)
rPois  .         Spirit   .     (no helmet)
rElec  .         Reflect  .     (no cloak)
rCorr  .         Harm     .     (no gloves)
MR     .....                    (no boots)
Stlth  +.........               (no amulet)
                                (no ring)
                                e - +3 ring of strength

@: lethally poisoned (-1 -> -3), very slightly contaminated, invisible
A: rot immunity
a: Depart the Abyss, Bend Space, Renounce Religion


You were on level 3 of the Dungeon.
You worshipped Lugonu.
Lugonu was pleased with you.
You were hungry.

You visited 1 branch of the dungeon, and saw 3 of its levels.
You visited the Abyss 1 time.

You collected 54 gold pieces.

Inventory:

Hand Weapons
 a - a +1 spear (weapon)
Armour
 o - a +0 ring mail (worn)
Jewellery
 e - a +3 ring of strength (left hand)
Wands
 p - a wand of confusion (42/48)
Scrolls
 d - a scroll of teleportation
 g - a scroll of identify
 j - a scroll of magic mapping
 n - 2 scrolls of fear {unknown}
 q - a scroll of enchant armour {unknown}
Potions
 i - a potion of brilliance
Books
 h - a book of Cantrips

   Spells                             Type                      Level
   a - Confusing Touch                Hexes                        1
   b - Animate Skeleton               Necromancy                   1
   c - Summon Small Mammal            Summoning                    1
   d - Apportation                    Translocation                1
Comestibles
 c - 3 bread rations
 k - 2 meat rations
 r - 5 chunks of flesh


   Skills:
 - Level 3.0 Fighting
 + Level 5.0 Polearms
 - Level 1.7 Armour
 - Level 0.8 Dodging
 - Level 2.4 Invocations


You had 4 spell levels left.
You didn't know any spells.

Dungeon Overview and Level Annotations

Branches:
Dungeon (3/15)

Altars:


Innate Abilities, Weirdness & Mutations

You are immune to rotting.


Message History

Lugonu accepts your kill. The adder closely misses you.
Unknown command.
The adder bites you.
* * * LOW HITPOINT WARNING * * *
You are lethally poisoned!
The adder poisons you!
Things that are here:
a halberd; a spear; 16 gold pieces
Okay, then.
* * * LOW HITPOINT WARNING * * *
You feel sick.
* * * LOW HITPOINT WARNING * * *
You feel sick. The adder closely misses you.
* * * LOW HITPOINT WARNING * * *
You feel sick.
Unknown command.
The adder bites you.
You die...

#>###.####.
#####.##....... ######
#..)......##### #....#
###.####..#.#
#....###...# ##.#.#
#........#######...#
#.................## ###
#....#S(.[......... ....
#....#.@.......###.#####
#...)#(........# .#
#.)<.#.......%.# .#
######.........#
#.?.......# #####.#####
.# %#


You could see an adder.

Vanquished Creatures
  Terence (D:3)
  3 gnolls (D:3)
  6 adders
  A worm (D:2)
  4 leopard geckos
  6 orcs
  2 giant cockroaches
  5 hobgoblins
  2 jackals (D:1)
  2 ball pythons
  6 bats
  5 frilled lizards
  6 goblins
  4 kobolds
  5 rats
58 creatures vanquished.

Notes
Turn   | Place    | Note
-------+----------+-------------------------------------------
     0 | Abyss:1  | Jivvin the Demonspawn Abyssal Knight began the quest for the Orb.
     0 | Abyss:1  | Reached XP level 1. HP: 18/18 MP: 2/2
    37 | D:1      | Escaped the Abyss
    83 | D:1      | Reached skill level 2 in Polearms
   886 | D:1      | Gained mutation: You are immune to rotting. [demonic ancestry]
   886 | D:1      | Reached XP level 2. HP: 24/24 MP: 3/3
  1388 | D:1      | Reached skill level 3 in Polearms
  1472 | D:2      | Reached XP level 3. HP: 29/29 MP: 4/4
  2641 | D:2      | Reached ** piety under Lugonu
  2783 | D:2      | Reached XP level 4. HP: 35/35 MP: 5/5
  2811 | D:3      | Reached skill level 4 in Polearms
  3299 | D:3      | Noticed Terence
  3312 | D:3      | Killed Terence
  3526 | D:3      | Reached XP level 5. HP: 27/41 MP: 6/6
  3568 | D:3      | Reached skill level 5 in Polearms
  3580 | D:3      | HP: 2/41 [poisoned by an adder]
  3582 | D:3      | Slain by an adder

Vault maps used:
D:1:      dpeg_arrival_rooms_a, minmay_misc_feat_rugged, minivault_23
D:2:      serial_bayou, serial_bayou_pond_e, serial_bayou_crossing,
          serial_bayou_ford_a, serial_bayou_pond_c
D:3:      first_bread, kennysheep_generic_room_4, uniq_terence,
          uniq_crazy_yiuf_cottage

Skill      XL: |  1  2  3  4  5 |
---------------+----------------+-----
Polearms       | 2 3 4 5 |  5.0
Fighting       | |  3.0
Armour         | |  1.7
Dodging        | |  0.8
Invocations    | |  2.4

Action                   |  1- 3 |  4- 6 || total
-------------------------+-------+-------++-------
Melee: Spear             |   139 |    94 ||   233
  Use: Scroll            |       |     6 ||     6
       Potion            |       |     5 ||     5
 Stab: Sleeping          |     1 |       ||     1
       Invisible         |       |     3 ||     3
  Eat: Chunk             |     4 |     2 ||     6
       Royal jelly       |     1 |       ||     1
Armor: Leather armour    |    25 |       ||    25
       Ring mail         |     5 |    18 ||    23
Dodge: Dodged            |    53 |    49 ||   102
